 Dungeon Crawl Stone Soup version 0.25.1-2-g60ff931df9 (webtiles) character file.

Game seed: 12048499510392464100

546 Araneus the Gusty (level 7, -6/45 HPs)
             Began as an Octopode Wanderer on Oct 12, 2020.
             Splashed by a jelly's acid (10 damage)
             ... on level 5 of the Dungeon on Oct 13, 2020.
             The game lasted 00:20:41 (5307 turns).

Araneus the Gusty (Octopode Wanderer)               Turns: 5307, Time: 00:20:44

Health: -6/45      AC: -11   Str: 10    XL:     7   Next: 28%
Magic:  10/12      EV: 12    Int: 21    God:
Gold:   78         SH:  0    Dex: 14    Spells: 4/13 levels left

rFire    . . .     SeeInvis .   B - +0 morningstar
rCold    + . .     Gourm    .   (no shield)
rNeg     . . .     Faith    .   (helmet restricted)
rPois    .         Spirit   .   (no amulet)
rElec    .         Reflect  .   k - ring of protection from cold
rCorr    .         Harm     .   q - +6 ring of intelligence
MR       .....                  (no ring)
Stlth    +++.......             (no ring)
HPRegen  0.15/turn              (no ring)
MPRegen  0.13/turn              (no ring)
                                (no ring)
                                (no ring)

@: corroded
A: almost no armour, stealthy swim, amphibious, 8 rings, constrict 8, camouflage
1, gelatinous body 1
a: no special abilities


You were on level 5 of the Dungeon.
You were not hungry.

You visited 1 branch of the dungeon, and saw 5 of its levels.

You collected 228 gold pieces.
You spent 150 gold pieces at shops.

Inventory:

Hand Weapons
 i - a +2 mace of protection
 B - a +0 morningstar (weapon)
Jewellery
 h - an uncursed amulet of regeneration
 k - a ring of protection from cold (left tentacle)
 q - a +6 ring of intelligence (right tentacle)
 w - an uncursed amulet of the acrobat {unknown}
 x - an uncursed ring of stealth
 A - an uncursed ring of see invisible
Wands
 a - a wand of clouds (3)
 r - a wand of disintegration (6)
 v - a wand of digging (8)
 D - a wand of polymorph (10)
Scrolls
 c - 2 scrolls of immolation {unknown}
 e - 2 scrolls of enchant armour {unknown}
 f - 4 scrolls of identify
 g - a scroll of fear {unknown}
 m - 2 scrolls of amnesia {unknown}
 n - a scroll of magic mapping {unknown}
 o - 2 scrolls of teleportation {unknown}
 p - a scroll of fog {unknown}
 s - a scroll of enchant weapon {unknown}
 t - a scroll of remove curse {unknown}
 u - a scroll of noise {unknown}
 y - a scroll of blinking {unknown}
Potions
 b - 2 potions of flight
 j - 2 potions of berserk rage
 l - a potion of curing
 z - a potion of brilliance {unknown}
 E - a potion of invisibility
Comestibles
 d - 8 rations
 C - 3 chunks of flesh


   Skills:
 - Level 2.0 Fighting
   Level 1.0 Axes
 - Level 1.3 Stealth
 + Level 3.7 Spellcasting
 + Level 2.5 Conjurations
 * Level 5.5 Air Magic
 * Level 3.3 Poison Magic
 - Level 1.1 Evocations


You had 4 spell levels left.
You knew the following spells:

 Your Spells              Type           Power        Failure   Level  Hunger
a - Shock                 Conj/Air       ###.         2%          1    None
b - Static Discharge      Conj/Air       ###.....     7%          3    ###....
c - Swiftness             Chrm/Air       ###.....     6%          2    ##.....
d - Mephitic Cloud        Conj/Pois/Air  ###.....     8%          3    ###....

Your spell library contained the following spells:

 Spells                   Type           Power        Failure   Level  Hunger
 Magic Dart               Conj           ##..         4%          1    None
 Airstrike                Air            ####......   12%         4    ####...
 Blink                    Tloc           N/A          19%         2    ##.....
 Call Imp                 Summ           #.......     19%         2    ##.....
 Shroud of Golubria       Chrm/Tloc      #.....       19%         2    ##.....
 Slow                     Hex            #.......     19%         2    ##.....
 Conjure Flame            Conj/Fire      #.......     22%         3    ###....
 Confusing Touch          Hex            #.......     36%         3    ###....
 Gell's Gravitas          Tloc           #.........   36%         3    ###....
 Petrify                  Tmut/Erth      #.......     77%         4    ####...
 Lightning Bolt           Conj/Air       ###.......   54%         5    ######.
 Metabolic Englaciation   Hex/Ice        #.........   98%         5    ######.
 Yara's Violent Unravell  Hex/Tmut       #.........   98%         5    ######.


Dungeon Overview and Level Annotations

Branches:
Dungeon (5/15)
 Temple: D:4-7

Altars:
Ashenzari
Kikubaaqudgha
Makhleb
Trog

Shops:
D:4 *


Innate Abilities, Weirdness & Mutations

You cannot wear most types of armour.
You are very stealthy in the water. (Stealth+)
You are amphibious.
You can wear up to eight rings at the same time.
You can use your tentacles to constrict eight enemies at once.
Your skin changes colour to match your surroundings (Stealth+).
Your rubbery body absorbs attacks. (AC +1, EV +1)


Message History

Aiming: Shock (safe; 2% risk of failure)
Press: ? - help, Shift-Dir - straight line The zap hits the jelly.
The jelly is moderately wounded.
The zap hits the jelly.
The jelly is moderately wounded.
The jelly hits you.
You are splashed with acid!
* * * LOW HITPOINT WARNING * * *
Casting: Shock (safe; 2% risk of failure)
Confirm with . or Enter, or press ? or * to list all spells.
Aiming: Shock (safe; 2% risk of failure)
Press: ? - help, Shift-Dir - straight line The zap hits the jelly.
The jelly is moderately wounded.
The zap hits the jelly.
The jelly is heavily wounded.
The jelly hits you.
* * * LOW HITPOINT WARNING * * *
The acid corrodes you!
You are splashed with acid!
You die...

....#.....#...##..........#
#...#.....#...##..........#
#...#.....#...#...........#
#...'.....#...#...........#
....#.....#...##...##'##.##
....#.....'...#######.##.#
#####.....######.......#..
#...#.....# ##.......# .
....#.....# #.@......#
....#)....# #J.......#
....#.....# #........#
#####.....# ##..###+##
........### #..# ........#
...+ ........# ....#
........# .....#
........###+###


You could see a jelly.

Vanquished Creatures
  A phantom (D:4)
  An ogre (D:5)
  A big kobold (D:4)
  A scorpion (D:4)
  A bullfrog skeleton (D:4)
  A centaur skeleton (D:4)
  A hound (D:5)
  A worker ant (D:4)
  6 adders (D:2)
  A worm (D:2)
  3 dart slugs
  2 leopard geckos
  5 orcs
  6 bats
  3 bat zombies (D:3)
  5 giant cockroaches
  9 goblins
  5 hobgoblins
  4 jackals (D:1)
  A quokka (D:3)
  4 frilled lizards
  7 kobolds
  10 rats
  2 rat zombies (D:3)
81 creatures vanquished.

Notes
Turn   | Place    | Note
-------+----------+-------------------------------------------
     0 | D:1      | Araneus the Octopode Wanderer began the quest for the Orb.
     0 | D:1      | Araneus set off with the following items: a +0 hand axe, a
                  | ration; and the following spell memorised: Shock; and the
                  | following spells available to memorise: Swiftness, Blink,
                  | Shroud of Golubria, Static Discharge, Airstrike, Lightning
                  | Bolt
     0 | D:1      | Reached XP level 1. HP: 14/14 MP: 3/3
   398 | D:1      | Reached skill level 2 in Air Magic
   398 | D:1      | Reached XP level 2. HP: 19/19 MP: 3/5
  1224 | D:2      | Reached XP level 3. HP: 24/24 MP: 6/6
  1229 | D:2      | Learned a level 3 spell: Static Discharge
  1267 | D:2      | Reached skill level 3 in Air Magic
  1521 | D:2      | Reached XP level 4. HP: 24/29 MP: 0/7
  2153 | D:2      | Reached skill level 1 in Conjurations
  2538 | D:2      | Reached skill level 4 in Air Magic
  2538 | D:2      | Reached XP level 5. HP: 32/34 MP: 8/8
  2884 | D:3      | Found a burning altar of Makhleb.
  3057 | D:3      | Found a bloodstained altar of Trog.
  3380 | D:3      | Found an ancient bone altar of Kikubaaqudgha.
  3565 | D:4      | Learned a level 2 spell: Swiftness
  3569 | D:4      | Learned a level 3 spell: Mephitic Cloud
  3841 | D:4      | Reached XP level 6. HP: 37/39 MP: 6/10
  4522 | D:4      | Reached skill level 5 in Air Magic
  4574 | D:4      | Found a shattered altar of Ashenzari.
  4584 | D:4      | Noticed a phantom
  4630 | D:4      | Killed a phantom
  4630 | D:4      | Reached XP level 7. HP: 16/45 MP: 2/12
  4848 | D:4      | Found Gantis's Assorted Antiques.
  4851 | D:4      | Bought a scroll of identify for 50 gold pieces
  4851 | D:4      | Bought 2 scrolls of identify for 100 gold pieces
  4916 | D:5      | Entered Level 5 of the Dungeon
  5307 | D:5      | Splashed by a jelly's acid

Illustrated notes

Levels and vault maps discovered:
D:1:      tarquinn_simple_flora_water_c, layout_basic
D:2:      minmay_evil_eye, layout_basic, kennysheep_generic_room_3
D:3:      layout_basic, lemuel_zombie_altar_kikubaaqudgha, lemuel_doored_altar,
          nicolae_overflow_hidden_temple, first_ration, serial_glass,
          glass_columns_a, glass_columns_a, glass_columns_b, glass_columns_c,
          glass_columns_a, glass_columns_a
D:4:      layout_basic, lemuel_round_altar, serial_shops,
          nicolae_shop_behind_doors
D:5:      layout_gridville, kennysheep_okawaru_gauntlet

Skill      XL: |  1  2  3  4  5  6 |
---------------+-------------------+-----
Air Magic      | 2 3 4 5 |  5.5
Conjurations   | 1 2 |  2.5
Spellcasting   | 3 |  3.7
Poison Magic   | 3 |  3.3
Fighting       | |  2.0
Axes           | |  1.0
Stealth        | |  1.3
Evocations     | |  1.1

Action                   |  1- 3 |  4- 6 |  7- 9 || total
-------------------------+-------+-------+-------++-------
Melee: Hand axe          |    20 |       |       ||    20
       Constrict         |     9 |    19 |     1 ||    29
       Tentacles         |     5 |    13 |     2 ||    20
       Mace              |     8 |    74 |     1 ||    83
       Morningstar       |       |       |     6 ||     6
 Cast: Shock             |    35 |    54 |     8 ||    97
       Static Discharge  |       |     2 |     1 ||     3
       Swiftness         |       |     1 |       ||     1
       Mephitic Cloud    |       |       |     1 ||     1
  Use: Scroll            |       |     4 |       ||     4
       Potion            |       |     1 |       ||     1
 Stab: Sleeping          |     3 |     9 |       ||    12
       Distracted        |       |     1 |       ||     1
  Eat: Chunk             |     3 |     9 |       ||    12
       Ration            |       |       |     1 ||     1
Armor: Skin              |     4 |    25 |     1 ||    30
Dodge: Dodged            |    14 |    72 |     6 ||    92
